 Dungeon Crawl Stone Soup version 0.29-a0-322-g68df515428 (webtiles) character file.

Game seed: 18082834901550844863

1009 sanka the Insei (level 8, -4/67 HPs)
             Began as a Gnoll Monk on Apr 9, 2022.
             Slain by a gnoll
             ... wielding a +0 flail
              (6 damage)
             ... on level 5 of the Dungeon.
             The game lasted 00:08:14 (5372 turns).

sanka the Insei (Gnoll Monk)                        Turns: 5372, Time: 00:08:15

Health: -4/67      AC:  5    Str: 11    XL:     8   Next: 21%
Magic:  12/12      EV: 15    Int: 11    God:
Gold:   89         SH:  0    Dex: 15    Spells: 13/13 levels left

rFire   . . .      SeeInvis .   q - +3 woodcutter's axe {vorpal}
rCold   . . .      Faith    .   (shield currently unavailable)
rNeg    . . .      Spirit   .   a - +0 robe
rPois   .          Reflect  .   e - +1 helmet
rElec   .          Harm     .   (no cloak)
rCorr   .          Rampage  .   c - +0 pair of gloves
Will    .....                   (no boots)
Stlth   +++.......              (no amulet)
HPRegen 0.21/turn               (no ring)
MPRegen 0.13/turn               t - ring of wizardry

@: no status effects
A: fangs 1, strong nose, distributed training
a: no special abilities


You were on level 5 of the Dungeon.
You visited 1 branch of the dungeon, and saw 5 of its levels.

You collected 122 gold pieces.
You spent 33 gold pieces at shops.


Innate Abilities, Weirdness & Mutations

You have very sharp teeth.
Your uncanny sense of smell can sniff out nearby items.
Your experience applies equally to all skills.


   Skills:
 + Level 7.3 Fighting
 + Level 3.0 Short Blades
 + Level 3.0 Long Blades
 + Level 3.0 Axes
 + Level 3.0 Maces & Flails
 + Level 3.0 Polearms
 + Level 3.0 Staves
 + Level 3.0 Slings
 + Level 3.0 Bows
 + Level 3.0 Crossbows
 + Level 3.0 Throwing
 + Level 3.0 Armour
 + Level 7.3 Dodging
 + Level 5.2 Stealth
 + Level 3.0 Shields
 + Level 7.3 Unarmed Combat
 + Level 3.0 Spellcasting
 + Level 2.4 Conjurations
 + Level 2.4 Hexes
 + Level 2.4 Summonings
 + Level 2.4 Necromancy
 + Level 2.4 Translocations
 + Level 2.4 Transmutations
 + Level 2.4 Fire Magic
 + Level 2.4 Ice Magic
 + Level 2.4 Air Magic
 + Level 2.4 Earth Magic
 + Level 2.4 Poison Magic
 + Level 3.3 Invocations
 + Level 3.0 Evocations


You had 13 spell levels left.
You didn't know any spells.
Your spell library contained the following spells:

 Spells                   Type           Power      Damage    Failure   Level
 Slow                     Hex            28%        N/A       4%          1
 Static Discharge         Conj/Air       7%         N/A       6%          2
 Lightning Bolt           Conj/Air       3%         1d15      67%         5
 Maxwell's Capacitive Co  Air            3%         ∞         100%        8

Inventory:

Hand Weapons
 q - the +3 woodcutter's axe (weapon) {vorpal}

   It inflicts extra damage upon your enemies.
Missiles
 l - 3 poisoned darts (quivered)
Armour
 a - a +0 robe (worn)
 c - a +0 pair of gloves (worn)
 e - a +1 helmet (worn)
Jewellery
 t - a ring of wizardry (right hand)
Wands
 w - a wand of paralysis (10)
 x - a wand of acid (7)
Scrolls
 d - a scroll of holy word {unknown}
 f - 3 scrolls of amnesia {unknown}
 g - 4 scrolls of identify {unknown}
 h - 3 scrolls of teleportation {unknown}
 k - a scroll of vulnerability {unknown}
 m - a scroll of fog {unknown}
 o - a scroll of brand weapon {unknown}
 r - a scroll of enchant armour {unknown}
Potions
 b - a potion of ambrosia
 i - 4 potions of might {unknown}
 j - 4 potions of curing {@q1}
 n - a potion of berserk rage {unknown}
 p - a potion of magic {unknown}
 s - a potion of brilliance {unknown}
 u - a potion of cancellation {unknown}
 v - 2 potions of degeneration {unknown}

Dungeon Overview and Level Annotations

Branches:
Dungeon (5/15)
 Temple: D:4-7

Altars:
Cheibriados
Kikubaaqudgha
Qazlal
Sif Muna
Xom
The Shining One

Shops:
D:2 * D:3

! ▒▒▒▒▒▒▒▒▒
........▒▒▒▒▒ ▒▒▒▒▒
............▒▒▒....
▒
▒▒▒▒▒▒▒..........▒▒
▒..▒▒▒▒▒
▒.▒▒▒▒▒▒▒▒.▒
▒....g)▒▒▒▒.▒ ▒.▒
▒g)....▒ ▒.▒
▒▒▒▒▒▒.▒ ▒▒▒▒▒▒.▒▒
..▒ ▒........ .▒▒
▒.▒▒▒▒..▒ ▒. ∆
▒▒... ▒. ▒▒.... ▒.
▒..... ∆ ▒▒....
▒▒...


You could see a gnoll.


Message History

The orc barely misses you.
You hit the orc.
You kill the orc!
You closely miss the gnoll. The gnoll closely misses you.
You barely miss the gnoll. The gnoll barely misses you.
You closely miss the gnoll. The gnoll barely misses you.
You barely miss the gnoll. The gnoll barely misses you.
You barely miss the gnoll. You bite the gnoll.
The gnoll is lightly wounded.
The gnoll barely misses you.
You hit the gnoll.
The gnoll is severely wounded.
The gnoll closely misses you.
You closely miss the gnoll.
The gnoll is severely wounded.
The gnoll hits you with a +0 flail.
* * * LOW HITPOINT WARNING * * *
You closely miss the gnoll.
The gnoll is severely wounded.
The gnoll hits you with a +0 flail.
* * * LOW HITPOINT WARNING * * *
You closely miss the gnoll.
The gnoll is severely wounded.
The gnoll hits you with a +0 flail.
You die...

Action                   |  1- 3 |  4- 6 |  7- 9 || total
-------------------------+-------+-------+-------++-------
Melee: Unarmed           |    74 |   175 |    49 ||   298
       Bite              |     4 |    20 |     8 ||    32
       Punch             |     3 |     7 |     1 ||    11
       Battleaxe         |       |       |    67 ||    67
Throw: Dart              |       |     3 |     3 ||     6
       Throwing net      |       |       |     1 ||     1
 Stab: Distracted        |     1 |       |       ||     1
       Sleeping          |     4 |     8 |     6 ||    18
Armor: Robe              |    16 |    30 |    16 ||    62
Dodge: Dodged            |    53 |   104 |    77 ||   234

Levels and vault maps discovered:
D:1:      dpeg_arrival_long_road, layout_basic
D:2:      layout_loops_ring, basic_altar, serial_shops,
          nicolae_shop_hallway_plus
D:3:      layout_loops_ring, serial_shops, nicolae_shop_statue_plus,
          shapermc_ecumenical_altar_rom_forum, pf_guarded_unrand_woodcutter,
          uniq_sigmund
D:4:      layout_basic, grunt_temple_overflow_open, uniq_ijyb
D:5:      layout_loops_ring, kennysheep_mini_moat, kennysheep_small_circle

Notes
Turn   | Place    | Note
-------+----------+-------------------------------------------
     0 | D:1      | sanka the Gnoll Monk began the quest for the Orb.
     0 | D:1      | Reached XP level 1. HP: 23/23 MP: 1/1
    55 | D:1      | Reached XP level 2. HP: 29/29 MP: 2/2
   506 | D:1      | Reached XP level 3. HP: 35/35 MP: 3/3
   935 | D:2      | Reached skill level 1 in Invocations
   959 | D:4      | Noticed a necrophage
   979 | D:4      | Reached skill level 1 in Short Blades
   979 | D:4      | Reached skill level 1 in Long Blades
   979 | D:4      | Reached skill level 1 in Axes
   979 | D:4      | Reached skill level 1 in Maces & Flails
   979 | D:4      | Reached skill level 1 in Polearms
   979 | D:4      | Reached skill level 1 in Staves
   979 | D:4      | Reached skill level 1 in Slings
   979 | D:4      | Reached skill level 1 in Bows
   979 | D:4      | Reached skill level 1 in Crossbows
   979 | D:4      | Reached skill level 1 in Throwing
   979 | D:4      | Reached skill level 1 in Armour
   979 | D:4      | Reached skill level 1 in Shields
   979 | D:4      | Reached skill level 1 in Spellcasting
   979 | D:4      | Reached skill level 1 in Evocations
   979 | D:4      | Reached XP level 4. HP: 23/41 MP: 5/5
   988 | D:4      | Killed a necrophage
   989 | D:4      | Reached skill level 1 in Conjurations
   989 | D:4      | Reached skill level 1 in Hexes
   989 | D:4      | Reached skill level 1 in Summonings
   989 | D:4      | Reached skill level 1 in Necromancy
   989 | D:4      | Reached skill level 1 in Translocations
   989 | D:4      | Reached skill level 1 in Transmutations
   989 | D:4      | Reached skill level 1 in Fire Magic
   989 | D:4      | Reached skill level 1 in Ice Magic
   989 | D:4      | Reached skill level 1 in Air Magic
   989 | D:4      | Reached skill level 1 in Earth Magic
   989 | D:4      | Reached skill level 1 in Poison Magic
   989 | D:4      | Reached XP level 5. HP: 13/47 MP: 5/7
  1251 | D:4      | HP: 4/47 [iguana (7)]
  1736 | D:4      | Reached XP level 6. HP: 30/53 MP: 8/8
  1883 | D:4      | Reached skill level 2 in Invocations
  2426 | D:3      | Reached skill level 2 in Short Blades
  2426 | D:3      | Reached skill level 2 in Long Blades
  2426 | D:3      | Reached skill level 2 in Axes
  2426 | D:3      | Reached skill level 2 in Maces & Flails
  2426 | D:3      | Reached skill level 2 in Polearms
  2426 | D:3      | Reached skill level 2 in Staves
  2426 | D:3      | Reached skill level 2 in Slings
  2426 | D:3      | Reached skill level 2 in Bows
  2426 | D:3      | Reached skill level 2 in Crossbows
  2426 | D:3      | Reached skill level 2 in Throwing
  2426 | D:3      | Reached skill level 2 in Armour
  2426 | D:3      | Reached skill level 2 in Shields
  2426 | D:3      | Reached skill level 2 in Spellcasting
  2426 | D:3      | Reached skill level 2 in Evocations
  2453 | D:3      | Found Wuploas's Distillery.
  2459 | D:3      | Bought a potion of curing for 33 gold pieces
  2467 | D:3      | Found a faded altar of an unknown god.
  2487 | D:3      | Got Plato's Incunabulum of Bewitchment
  3068 | D:2      | Found a stormy altar of Qazlal.
  3122 | D:2      | Found Metat's Assorted Antiques.
  3458 | D:3      | Noticed Sigmund
  3467 | D:3      | Killed Sigmund
  3468 | D:3      | Reached skill level 7 in Fighting
  3468 | D:3      | Reached skill level 7 in Dodging
  3468 | D:3      | Reached skill level 7 in Unarmed Combat
  3468 | D:3      | Reached XP level 7. HP: 56/60 MP: 10/10
  3508 | D:3      | Reached skill level 2 in Conjurations
  3508 | D:3      | Reached skill level 2 in Hexes
  3508 | D:3      | Reached skill level 2 in Summonings
  3508 | D:3      | Reached skill level 2 in Necromancy
  3508 | D:3      | Reached skill level 2 in Translocations
  3508 | D:3      | Reached skill level 2 in Transmutations
  3508 | D:3      | Reached skill level 2 in Fire Magic
  3508 | D:3      | Reached skill level 2 in Ice Magic
  3508 | D:3      | Reached skill level 2 in Air Magic
  3508 | D:3      | Reached skill level 2 in Earth Magic
  3508 | D:3      | Reached skill level 2 in Poison Magic
  4108 | D:3      | Reached skill level 5 in Stealth
  4342 | D:4      | Found a shimmering altar of Xom.
  4342 | D:4      | Found an ancient bone altar of Kikubaaqudgha.
  4342 | D:4      | Found a glowing golden altar of the Shining One.
  4342 | D:4      | Found a shimmering blue altar of Sif Muna.
  4342 | D:4      | Found a snail-covered altar of Cheibriados.
  4596 | D:4      | Reached skill level 3 in Invocations
  5066 | D:4      | Noticed Ijyb
  5076 | D:4      | Killed Ijyb
  5210 | D:5      | Entered Level 5 of the Dungeon
  5249 | D:5      | Reached XP level 8. HP: 55/67 MP: 12/12
  5343 | D:5      | Reached skill level 3 in Short Blades
  5343 | D:5      | Reached skill level 3 in Long Blades
  5343 | D:5      | Reached skill level 3 in Axes
  5343 | D:5      | Reached skill level 3 in Maces & Flails
  5343 | D:5      | Reached skill level 3 in Polearms
  5343 | D:5      | Reached skill level 3 in Staves
  5343 | D:5      | Reached skill level 3 in Slings
  5343 | D:5      | Reached skill level 3 in Bows
  5343 | D:5      | Reached skill level 3 in Crossbows
  5343 | D:5      | Reached skill level 3 in Throwing
  5343 | D:5      | Reached skill level 3 in Armour
  5343 | D:5      | Reached skill level 3 in Shields
  5343 | D:5      | Reached skill level 3 in Spellcasting
  5343 | D:5      | Reached skill level 3 in Evocations
  5349 | D:5      | HP: 6/67 [gnoll/+2 spear of freezing (1)]
  5358 | D:5      | HP: 6/67 [hound (1)]
  5370 | D:5      | HP: 5/67 [gnoll/+0 flail (4)]
  5371 | D:5      | HP: 2/67 [gnoll/+0 flail (3)]
  5372 | D:5      | Slain by a gnoll

Vanquished Creatures
  Sigmund (D:3)
  A black bear (D:5)
  A necrophage (D:4)
  A gnoll sergeant (D:3)
  A scorpion (D:4)
  2 hounds
  2 gnoll shamans
  Ijyb (D:4)
  4 iguanas
  An orc wizard (D:3)
  12 gnolls
  8 adders
  3 worms
  2 dart slugs
  10 orcs
  4 ball pythons
  7 bats
  5 endoplasms
  6 goblins
  12 hobgoblins
  7 jackals
  4 quokkas
  5 frilled lizards
  9 kobolds
  3 rats
112 creatures vanquished.

Vanquished Creatures (others)
  2 fungi (D:3)
  A plant (D:3)
3 creatures vanquished.

Grand Total: 115 creatures vanquished
